Map: Echo LE

Players

SolO - Winner!

  • Race: Zerg Zerg
  • Spawn Location: 11:00

Paran0id

  • Race: Zerg Zerg
  • Spawn Location: 5:00

Event: LycanGTV LotV Beta Tournament 1

VOD

Have the link to the VOD?

Description

Time

  • Played on: April 2, 2015, 12:48 p.m.
  • Length: 7:21

All games in this series

Show
View Real Time Build Order
Export as new Build Order

SolO Zerg - Winner!

Build Orders: Hatch First, Zergling Baneling 

Get SALT Encoding   

  12  0:01  Drone  
  13  0:13  Overlord  
  13  0:17  Drone  
  14  0:31  Drone  
  14  0:32  Drone  
  16  0:35  Drone  
  17  0:46  Drone  
  18  0:57  Hatchery  
  18  0:59  Drone  
  18  1:05  Extractor  
  17  1:13  Spawning Pool  
  17  1:15  Drone  
  17  1:21  Drone  
  18  1:32  Drone  
  19  1:40  Overlord  
  19  1:52  Drone  
  20  2:00  Queen  
  22  2:01  Zergling x2  
  22  2:04  Metabolic Boost  
  23  2:08  Queen  
  23  2:09  Drone  
  23  2:13  Drone  
  27  2:20  Drone  
  28  2:26  Drone  
  28  2:27  Baneling Nest  
  28  2:32  Drone  
  28  2:35  Drone  
  30  2:41  Overlord  
  30  2:47  Drone  
  31  2:53  Drone  
  31  2:55  Drone  
  32  3:03  Overlord  
  32  3:07  Overlord  
  32  3:09  Zergling x2  
  32  3:10  Zergling x6  
  36  3:14  Zergling x2  
  36  3:17  Zergling x2  
  36  3:18  Zergling x6  
  41  3:21  Zergling x2  
  42  3:31  Zergling x4  
  44  3:39  Zergling x2  
  44  3:40  Zergling x8  
  49  3:45  Zergling x2  
  50  3:50  Baneling  
  50  3:51  Baneling x8  
  50  4:02  Zergling x10  
  43  4:25  Baneling  
  43  4:26  Zergling x2  
  43  4:27  Zergling x14  
  49  4:33  Baneling  
  48  4:41  Drone  
  48  4:42  Drone x4  
  51  4:47  Drone x2  
  53  4:53  Evolution Chamber, Roach Warren  
  53  4:57  Drone x2  
  50  5:05  Drone  
  49  5:07  Extractor  
  49  5:08  Spine Crawler  
  49  5:09  Extractor  
  49  5:10  Zergling x2  
  46  5:14  Zergling x6  
  46  5:15  Zergling x10  
  46  5:18  Baneling x3  
  46  5:19  Zerg Missile Weapons Level 1  
  46  5:20  Drone  
  50  5:42  Drone  
  50  5:43  Drone x6  
  56  5:50  Lair  
  56  5:57  Hatchery  
  55  6:07  Roach  
  55  6:08  Roach x2  
  55  6:10  Overlord  
  55  6:11  Overlord x3  
  60  6:16  Overlord  
  60  6:19  Baneling  
  60  6:21  Baneling  
  60  6:24  Overlord  
  59  6:31  Roach  
  59  6:32  Roach x5  
  70  6:36  Baneling  
  70  6:43  Roach  
  70  6:44  Roach  
  74  6:50  Baneling  
  72  6:54  Roach x2  
  72  6:55  Roach x2  
  79  7:02  Drone  
  79  7:03  Drone  
Show
View Real Time Build Order
Export as new Build Order

Paran0id Zerg 

Build Orders: Hatch First 

Get SALT Encoding   

  12  0:01  Drone  
  13  0:08  Drone  
  14  0:21  Overlord  
  14  0:24  Overlord  
  14  0:39  Drone x2  
  16  0:44  Drone  
  17  0:55  Drone  
  18  1:02  Hatchery  
  17  1:15  Spawning Pool  
  17  1:17  Drone  
  17  1:23  Drone  
  17  1:25  Extractor  
  17  1:34  Drone  
  18  1:40  Drone  
  19  1:50  Drone  
  20  1:59  Drone  
  21  2:02  Queen  
  23  2:10  Overlord  
  23  2:14  Queen  
  23  2:15  Drone  
  26  2:21  Zergling x2  
  27  2:26  Metabolic Boost, Drone  
  28  2:37  Hatchery  
  28  2:40  Drone  
  28  2:42  Drone  
  29  2:45  Drone  
  29  2:47  Drone  
  31  2:55  Queen  
  31  2:58  Drone  
  34  3:00  Drone  
  35  3:09  Drone  
  35  3:10  Overlord  
  36  3:17  Baneling Nest  
  36  3:19  Drone x3  
  38  3:26  Drone x3  
  41  3:29  Drone  
  42  3:34  Zergling x2  
  42  3:35  Zergling x2  
  42  3:36  Drone  
  42  3:37  Drone  
  42  3:38  Zergling x2  
  47  3:43  Zergling x4  
  47  3:44  Zergling x2  
  47  3:46  Zergling x2  
  47  3:47  Zergling x2  
  51  3:50  Zergling x2  
  52  3:57  Zergling x8  
  56  4:04  Baneling x3  
  56  4:05  Baneling  
  55  4:11  Zergling x2  
  48  4:18  Zergling x2  
  35  4:29  Zergling x2  
  32  4:33  Zergling x8  
  32  4:35  Zergling x4  
  37  4:40  Zergling x10  
  37  4:42  Zergling x2  
  37  4:44  Zergling x2  
  39  4:56  Zergling x2  
  39  4:57  Zergling x2  
  34  5:05  Zergling x4  
  34  5:06  Queen  
  38  5:11  Zergling x2  
  38  5:12  Queen  
  41  5:15  Zergling x4  
  41  5:19  Baneling x3  
  35  5:45  Zergling x8  
  35  5:46  Zergling x10  
  43  5:53  Queen  
  43  5:54  Pneumatized Carapace  
  45  5:58  Zergling x6  
  47  6:08  Zergling x4  
  42  6:16  Zergling x2  
  41  6:32  Baneling x2  
  41  6:33  Baneling x3  
  41  6:36  Zergling x2  
  41  6:37  Zergling x16  
  41  7:04  Zergling x2  

Tags
 
Add a new tag
Caveats
  • Supply blocks, unpowered buildings, or Contaminate may cause inaccurate times.
  • Supply counts are checked every 10 seconds.